 Dungeon Sprint DCSS version 0.22.1-2-g9c5b331383 (webtiles) character file.

523 Groucho the Cleaver (level 7, -1/62 HPs)
             Began as a Naga Fighter on Nov 24, 2018.
             Was the Champion of Cheibriados.
             Slain by an ice devil (8 damage)
             ... in the Dungeon (Sprint VII: "The Pits").
             The game lasted 00:02:09 (560 turns).

Groucho the Cleaver (Naga Fighter)                   Turns: 560, Time: 00:02:09

Health: -1/62      AC: 13    Str: 34    XL:     7   Next: 22%
Magic:  13/13      EV:  4    Int: 23    God:    Cheibriados [******]
Gold:   0          SH: 12    Dex: 27    Spells: 6/6 levels left

rFire    . . .     SeeInvis +   a - +0 war axe
rCold    . . .     Gourm    .   c - +0 shield
rNeg     . . .     Faith    .   e - +2 plate armour
rPois    +         Spirit   .   (no helmet)
rElec    .         Reflect  .   (no cloak)
rCorr    .         Harm     .   (no gloves)
MR       .....     NoTele   +   (no barding)
Stlth    ..........             (no amulet)
HPRegen  0.20/turn              (no ring)
MPRegen  0.13/turn              (no ring)

@: very slow
A: large, see invisible, deformed body, poison resistance, slowness 2, slow
metabolism 1, spit poison 1, AC +2
a: Spit Poison, Bend Time, Temporal Distortion, Slouch, Step From Time, Renounce
Religion


You were in the Dungeon.
You worshipped Cheibriados.
Cheibriados was exalted by your worship.
You were not hungry.

You visited 1 branch

Inventory:

Hand Weapons
 a - a +0 war axe (weapon)
 b - a +1 flail of protection
Missiles
 q - 10 stones (quivered)
Armour
 c - a +0 shield (worn)
 e - a +2 plate armour (worn)
Scrolls
 k - a scroll of blinking
 n - 3 scrolls of remove curse
 o - 5 scrolls of amnesia
 p - a scroll of summoning
Potions
 d - a potion of might
 g - 5 potions of heal wounds
 h - a potion of haste
 i - 4 potions of magic
 j - 3 potions of berserk rage
 l - 5 potions of curing
 m - 2 potions of invisibility
Comestibles
 f - 9 rations


   Skills:
 - Level 3.0 Fighting
 + Level 9.4 Axes
 + Level 8.1 Armour
 - Level 2.4 Shields
 * Level 8.4 Invocations


You had 6 spell levels left.
You didn't know any spells.
Your spell library was empty.

Dungeon Overview and Level Annotations

Branches:
Dungeon (1/1)

Altars:
Ashenzari
Cheibriados
Dithmenos
Elyvilon
Fedhas
Gozag
Hepliaklqana
Kikubaaqudgha
Makhleb
Nemelex Xobeh
Okawaru
Qazlal
Ru
Sif Muna
Trog
Uskayaw
Vehumet
Wu Jian
Xom
Yredelemnul
Zin
The Shining One
Beogh
Jiyva
Lugonu


Innate Abilities, Weirdness & Mutations

You cannot wear boots.
Your serpentine skin is tough. (AC +2)
You have supernaturally acute eyesight. (SInv)
Armour fits poorly on your strangely shaped body.
Your system is resistant to poisons. (rPois)
You cover ground very slowly.
You have a slow metabolism.
You can spit poison.


Message History

You block the ice devil's attack.
You closely miss the ice devil.
The ice devil is lightly wounded.
You block the ice devil's attack.
You hit the ice devil but do no damage.
The ice devil is lightly wounded.
The ice devil hits you. The ice devil freezes you!
Your shield and plate armour prevent you from hitting the ice devil.
The ice devil is lightly wounded.
The ice devil hits you. The ice devil freezes you!
* * * LOW HITPOINT WARNING * * *
You hit the ice devil.
The ice devil is lightly wounded.
The ice devil hits you but does no damage.
You hit the ice devil but do no damage.
The ice devil is lightly wounded.
The ice devil hits you!
* * * LOW HITPOINT WARNING * * *
The ice devil freezes you!
You die...

#.#........##.......#
#†###########.......#
#.......# #########
#...#...# #...#...#
#.##.##.#+#
#...#...#.+
#...#...#4#
#.......'@#
###########


You could see an ice devil.

Vanquished Creatures
  A flying skull (D)
  An ice beast (D)
  2 wolves (D)
  A quasit (D)
  An iron imp (D)
  A worker ant (D)
  A gnoll (D)
  An ooze (D)
  A worm (D)
  A leopard gecko (D)
  A bat zombie (D)
  2 giant cockroaches (D)
  3 jackals (D)
  A quokka (D)
  A bat (D)
19 creatures vanquished.

Notes
Turn   | Place    | Note
-------+----------+-------------------------------------------
     0 | D        | Groucho the Naga Fighter began the quest for the Orb.
     0 | D        | Reached XP level 1. HP: 21/21 MP: 1/1
    13 | D        | Reached skill level 3 in Axes
    47 | D        | Found a bloodstained altar of Trog.
    47 | D        | Found a deep blue altar of Sif Muna.
    47 | D        | Found a viscous altar of Jiyva.
    47 | D        | Found a hazy altar of Hepliaklqana.
    47 | D        | Found an opulent altar of Gozag.
    48 | D        | Found a glowing golden altar of the Shining One.
    48 | D        | Found a glowing silver altar of Zin.
    48 | D        | Found a basalt altar of Yredelemnul.
    48 | D        | Found a shimmering altar of Xom.
    48 | D        | Found an ornate altar of the Wu Jian Council.
    48 | D        | Found a sacrificial altar of Ru.
    48 | D        | Found a stormy altar of Qazlal.
    48 | D        | Found an iron altar of Okawaru.
    48 | D        | Found a sparkling altar of Nemelex Xobeh.
    48 | D        | Found a burning altar of Makhleb.
    48 | D        | Found a blossoming altar of Fedhas.
    48 | D        | Found a white marble altar of Elyvilon.
    48 | D        | Found a shadowy altar of Dithmenos.
    48 | D        | Found a snail-covered altar of Cheibriados.
    52 | D        | Found a roughly hewn altar of Beogh.
    52 | D        | Found a corrupted altar of Lugonu.
    52 | D        | Found a radiant altar of Vehumet.
    53 | D        | Found a shattered altar of Ashenzari.
    53 | D        | Found an ancient bone altar of Kikubaaqudgha.
    53 | D        | Found a hide-covered altar of Uskayaw.
    59 | D        | Became a worshipper of Cheibriados the Contemplative
    78 | D        | Reached * piety under Cheibriados
    78 | D        | Reached XP level 2. HP: 28/28 MP: 2/2
    90 | D        | Reached ** piety under Cheibriados
   111 | D        | Reached *** piety under Cheibriados
   116 | D        | Reached skill level 4 in Axes
   318 | D        | Reached skill level 5 in Axes
   318 | D        | Reached XP level 3. HP: 34/34 MP: 3/3
   321 | D        | Reached **** piety under Cheibriados
   332 | D        | Reached ***** piety under Cheibriados
   332 | D        | Reached skill level 6 in Axes
   332 | D        | Reached skill level 5 in Armour
   332 | D        | Reached XP level 4. HP: 36/42 MP: 4/4
   395 | D        | Noticed a wolf
   395 | D        | Noticed a wolf
   395 | D        | Noticed a flying skull
   398 | D        | Killed a wolf
   398 | D        | Reached skill level 7 in Axes
   398 | D        | Reached XP level 5. HP: 37/49 MP: 5/5
   402 | D        | Killed a wolf
   402 | D        | Reached skill level 8 in Axes
   402 | D        | Reached XP level 6. HP: 35/56 MP: 5/9
   405 | D        | Killed a flying skull
   405 | D        | Reached skill level 9 in Axes
   409 | D        | Noticed an ice beast
   419 | D        | Killed an ice beast
   419 | D        | Reached XP level 7. HP: 37/62 MP: 7/13
   423 | D        | Reached ****** piety under Cheibriados
   552 | D        | Noticed an ice devil
   560 | D        | Slain by an ice devil

Skill      XL: |  1  2  3  4  5  6 |
---------------+-------------------+-----
Axes           | 3 5 6 7 8 9 |  9.4
Armour         | 3 4 5 6 7 8 |  8.1
Invocations    | 4 8 |  8.4
Fighting       | |  3.0
Shields        | |  2.4

Action                   |  1- 3 |  4- 6 |  7- 9 || total
-------------------------+-------+-------+-------++-------
Melee: War axe           |    35 |    21 |    17 ||    73
  Use: Potion            |     1 |     1 |       ||     2
Armor: Scale mail        |     7 |       |       ||     7
       Plate armour      |       |     8 |     9 ||    17
Dodge: Dodged            |    12 |     4 |     2 ||    18
Block: Shield            |    27 |     9 |    12 ||    48
